AoeStats
← Cartel

Arabia

508822318Analyzed
1v1 RM · 8d ago on Sep 24, 2026· 59m 52s· 2 players
Game mode
Random Map
Map size
Tiny (2 player)
Population
200
Speed
Normal
Resources
Standard
Victory
Conquest
Starting age
Dark Age
Ending age
Imperial Age
RankedLock teamsTeams togetherTeam positionsShared explorationLock speedFull tech treeHidden civsTurbo modeCheats
Victory
Defeat
🇹🇷 Vikings · Türkiye
1346
+18
🇨🇳 Maya · China
1392
-18
Cartel
0:27 Loom
7:58 Loom
9:45 Feudal Age
10:14 Man-at-Arms
10:41 Arson
10:55 Double-Bit Axe
14:33 Scale Mail Armor
17:10 Forging
21:39 Castle Age
20:01 Fletching
20:34 Padded Archer Armor
21:42 Elite Skirmisher
22:22 Bodkin Arrow
22:42 Leather Archer Armor
26:52 Bow Saw
28:23 Town Watch
31:36 Town Patrol
37:02 Imperial Age
36:34 Leather Archer Armor
36:35 Chain Mail Armor
38:53 Conscription
42:25 Hoardings
42:38 Horse Collar
43:37 Bogsveigar
44:41 Bracer
45:11 Ring Archer Armor
46:17 Chemistry
45:41 Ballistics
47:47 Two-Man Saw
46:24 Capped Ram
47:52 Iron Casting
47:47 Plate Mail Armor
49:17 Siege Ram
50:38 Stone Mining
52:48 Gold Mining
54:52 Onager
56:07 Siege Engineers
55:42 Treadmill Crane
56:08 Heavy Plow
56:44 Gold Shaft Mining
b站江条
0:25 Loom
10:47 Feudal Age
12:32 Double-Bit Axe
17:40 Wheelbarrow
17:08 Horse Collar
19:59 Castle Age
17:51 Fletching
19:23 Padded Archer Armor
21:06 Bodkin Arrow
21:28 Town Watch
22:08 Crossbowman
30:49 Hand Cart
37:49 Imperial Age
38:27 Thumb Ring
38:49 Leather Archer Armor
39:02 Conscription
39:12 Bracer
39:45 Arbalester
43:10 Guilds
44:22 Gold Mining
44:44 Bow Saw
44:49 Heavy Plow
45:55 Chemistry
47:10 Ballistics
48:44 Ring Archer Armor
52:02 Two-Man Saw
51:35 Crop Rotation
50:56 Stone Mining
52:42 Town Patrol
52:52 Scale Mail Armor
53:02 Forging
54:24 Holcans
55:47 Chain Mail Armor
55:28 Eagle Warrior
56:58 Plate Mail Armor
56:21 Elite Eagle Warrior
58:35 Forging
Connection lost

Rejoining the realm…

Still unreachable

The connection could not be restored.

Session expired

The server has moved on; the page needs a fresh start.